[Event "*** Titled Tuesday Blitz"]
[Site "Chess.com"]
[Date "2021.03.16"]
[Round "4"]
[White "sokidze"]
[Black "Problematique_99"]
[Result "1/2-1/2"]
[WhiteElo "2699"]
[BlackElo "2479"]
[TimeControl "180+1"]
[EndTime "10:39:01 PDT"]
[Termination "Game drawn by repetition"]

1. e4 c5 2. Nf3 Nc6 3. d4 cxd4 4. Nxd4 g6 5. Nc3 Bg7 6. Be3 Nf6 7. Bc4 Qa5 8. f3 Qb4 9. Nb5 O-O 10. Bb3 Qa5 11. Qd2 a6 12. Nd4 d6 13. O-O-O Nxd4 14. Bxd4 Be6 15. Kb1 Rfc8 16. g4 b5 17. h4 b4 18. Nd5 Bxd5 19. exd5 Qb5 20. Qd3 Qxd3 21. Rxd3 Nd7 22. Bxg7 Kxg7 23. Re1 a5 24. Rxe7 Ne5 25. Rxe5 dxe5 26. Ba4 Rd8 27. c4 bxc3 28. bxc3 Rac8 29.
Kc2 f5 30. Bc6 Rd6 31. c4 Kf6 32. g5+ Ke7 33. Kc3 Rcxc6 34. dxc6 Rxd3+ 35. Kxd3 Kd6 36. c5+ Kxc6 37. Kc4 e4 38. fxe4 fxe4 39. Kd4 a4 40. Kxe4 Kxc5 41. Kd3 Kb4 42. Kc2 Kc4 43. Kb2 Kb4 44.
Kc2 Kc4 45. Kb2 Kb4 46. Kc2 1/2-1/2

[Event "*** Titled Tuesday Blitz"]
[Site "Chess.com"]
[Date "2021.03.16"]
[Round "4"]
[White "XDPS"]
[Black "Frolyanov_D"]
[Result "1-0"]
[WhiteElo "2811"]
[BlackElo "2686"]
[TimeControl "180+1"]
[EndTime "10:39:02 PDT"]
[Termination "XDPS won on time"]

1. e4 c5 2. Nf3 e6 3. d4 cxd4 4. Nxd4 a6 5. c4 Nf6 6. Nc3 Qc7 7. a3 b6 8. Be3 Bb7 9. f3 Be7 10. Be2 O-O 11. O-O d6 12. Qd2 Nbd7 13. Rac1 Rac8 14.
b4 Qb8 15. Rc2 Bd8 16. Kh1 Bc7 17. Bg1 Kh8 18. Rb1 Rg8 19. Na4 g5 20. c5 dxc5 21. bxc5 Bf4 22. Qb4 bxc5 23. Nxc5 Nxc5 24. Rxc5 Ba8 25.
Rxc8 Qxc8 26. Qe7 Be5 27. Qxf7 g4 28. Qxe6 gxf3 29. Bxf3 Qc7 30. Re1 Re8 31. Qf5 Bb7 32. Ne6 Qd6 33. Ng5 Qe7 34. Qxe5 Qxe5 35. Nf7+ Kg7 36.
Nxe5 Rxe5 37. Bd4 Re7 38. e5 Nd5 39. e6+ Kg6 40. Be4+ Kg5 41. Bf3 Kg6 42. Be4+ Kh6 43. Bf5 Nf4 44. Be3 Kg5 45. Bh3 1-0

[Event "*** Titled Tuesday Blitz"]
[Site "Chess.com"]
[Date "2021.03.16"]
[Round "4"]
[White "whogeeyao"]
[Black "Mikhail_Golubev"]
[Result "0-1"]
[WhiteElo "2356"]
[BlackElo "2540"]
[TimeControl "180+1"]
[EndTime "10:39:04 PDT"]
[Termination "Mikhail_Golubev won by resignation"]

1. e4 g6 2. Bc4 Bg7 3. Qf3 e6 4. Ne2 Nc6 5. d4 Nxd4 6. Nxd4 Bxd4 7. c3 Bg7 8. Bf4 d6 9. Nd2 Nf6 10. h4 Nd7 11. Bb3 h5 12. O-O-O Qf6 13. Qe3 a5 14. a4 O-O 15. Nc4 Qd8 16. g4 Nf6 17. gxh5 Nxh5 18. Bg5 Qe8 19. Bc2 Bd7 20. b3 f6 21. Bh6 e5 22. Rhg1 Kh7 23. Bxg7 Kxg7 24. Nb2 Nf4 25. Qf3 Rh8 26. Rh1 b5 27. Rdg1 bxa4 28. bxa4 Rb8 29. h5 g5 30. h6+ Rxh6 31. Rxh6 Kxh6 32.
Rd1 Kg7 33. Qe3 Be6 34. Qa7 Qc8 35. Qxa5 Qb7 36. Qb4 Qxb4 37. cxb4 Rxb4 38. Rd2 Bc8 39. Kb1 Ba6 40. Ka2 Kf7 41. Ka3 Rb8 42. Bb3+ Ke7 43. Nd1 Nd3 44. Nc3 c6 45. Ne2 Nc5 46. Ng3 Rxb3+ 0-1

[Event "*** Titled Tuesday Blitz"]
[Site "Chess.com"]
[Date "2021.03.16"]
[Round "4"]
[White "Matthew-Fishbein"]
[Black "crazy_but_lazy"]
[Result "1-0"]
[WhiteElo "2286"]
[BlackElo "2458"]
[TimeControl "180+1"]
[EndTime "10:39:05 PDT"]
[Termination "Matthew-Fishbein won by checkmate"]

1. Nf3 d5 2. c4 e6 3. b3 Nf6 4.
Bb2 Be7 5. g3 O-O 6. Bg2 b6 7.
O-O Bb7 8. d4 dxc4 9. bxc4 c5 10. d5 exd5 11. Ne5 Nbd7 12. Nd2 Nxe5 13. Bxe5 Qd7 14. cxd5 Nxd5 15. e4 Nb4 16. Bc3 Rfd8 17. a3 Nd3 18. Qe2 Ba6 19. Qe3 Rac8 20. Rfd1 c4 21. Nf3 h6 22. Ne5 Qe6 23. Nxd3 cxd3 24.
Bb4 Bf6 25. Rac1 Rc2 26. Rxc2 dxc2 27. Rxd8+ Bxd8 28. Qd2 Qc8 29. Bc3 Bf6 30. Qxc2 Bxc3 31. Qd1 Be5 32. h4 Qc7 33. Qd5 Bd6 34. Kh2 Bc5 35.
f4 Bb7 36. Qc4 Qe7 37. Qb5 Bd6 38. Qe2 Bc5 39. e5 Bxg2 40. Qxg2 Bxa3 41. Qa8+ Kh7 42. Qe4+ g6 43. h5 Bc5 44. hxg6+ fxg6 45. f5 gxf5 46. Qxf5+ Kg7 47. e6 Qf6 48. Qg4+ Qg5 49. Qe4 Qh5+ 50. Kg2 Qg5 51. Qb7+ Kg6 52. Qf7# 1-0

[Event "*** Titled Tuesday Blitz"]
[Site "Chess.com"]
[Date "2021.03.16"]
[Round "4"]
[White "Margency"]
[Black "dretch"]
[Result "1-0"]
[WhiteElo "2730"]
[BlackElo "2840"]
[TimeControl "180+1"]
[EndTime "10:39:09 PDT"]
[Termination "Margency won on time"]

1. e4 e6 2. d4 d5 3. exd5 exd5 4. c4 Bb4+ 5. Nc3 Ne7 6. Bd3 Nbc6 7. Ne2 Bf5 8. Bxf5 Nxf5 9. cxd5 Qxd5 10. O-O Bxc3 11.
bxc3 O-O 12. Nf4 Qc4 13. Bd2 Rfe8 14. Qg4 Nfe7 15. h4 Nd5 16. Nxd5 Qxd5 17. h5 Re6 18. Bf4 h6 19. Bxc7 Rc8 20. Bf4 Ne7 21. Bd2 Re4 22.
Qf3 Rc6 23. Rae1 f5 24. Rxe4 fxe4 25. Qg4 Qxa2 26. Be3 Qe6 27. Qxe6+ Rxe6 28. c4 Rc6 29. Rc1 b5 30. cxb5 Rxc1+ 31. Bxc1 Kf7 32. Ba3 Nd5 33. Bc5 Nc7 34. Bxa7 Nxb5 35. Bc5 Nc3 36. Kh2 Nd5 37. Kg3 Ke6 38. Kg4 e3 39. fxe3 Nxe3+ 40. Kf3 Nd5 41. g4 Nf6 42. Bb6 Kd5 43. Bc5 Nd7 44.
Ba7 Nf8 45. Kf4 Ke6 46. Bc5 Nd7 47. Bb4 Nf6 48. Bf8 Kf7 49. Bd6 Ke6 50. Be5 Ne8 51. Ke4 Ke7 52. d5 Kf7 53. Kf5 Ke7 54. Kg6 Kd7 55. Kf7 Nd6+ 56. Bxd6 Kxd6 57. Kxg7 1-0

[Event "*** Titled Tuesday Blitz"]
[Site "Chess.com"]
[Date "2021.03.16"]
[Round "4"]
[White "Aygehovit1992"]
[Black "youngKID"]
[Result "0-1"]
[WhiteElo "2632"]
[BlackElo "2791"]
[TimeControl "180+1"]
[EndTime "10:39:09 PDT"]
[Termination "youngKID won by resignation"]

1. e4 c5 2. Nf3 Nc6 3. Bb5 g6 4. O-O Bg7 5. Re1 Nf6 6. e5 Nd5 7. Nc3 Nc7 8. Bxc6 dxc6 9. h3 b6 10. d3 O-O 11. Ne4 Bf5 12. Ng3 Be6 13. a4 c4 14. d4 Bd5 15. c3 Ne6 16. Be3 f5 17. exf6 exf6 18. Qd2 Qd6 19. Bh6 Bxf3 20. Bxg7 Kxg7 21. gxf3 Nf4 22. h4 Rae8 23. Re4 Nd3 24.
h5 f5 25. h6+ Kf6 26. Re3 Rxe3 27. Qxe3 Qf4 28. Qxf4 Nxf4 29. a5 b5 30. a6 Re8 31.
Kf1 Kg5 32. Rb1 Nd3 33. b3 cxb3 34. Rxb3 Kxh6 35. c4 bxc4 36. Rc3 Re1+ 37. Kg2 Rc1 38. Rxc1 Nxc1 39. Nf1 c3 40. Ne3 Nd3 41. Kf1 Nb4 42.
Ke2 Kg5 43. Nc4 h5 44. Nd6 h4 45. Nc8 h3 46. Nxa7 c2 47. Nc8 c1=Q 0-1

[Event "*** Titled Tuesday Blitz"]
[Site "Chess.com"]
[Date "2021.03.16"]
[Round "4"]
[White "Djager97"]
[Black "bricolageur"]
[Result "1-0"]
[WhiteElo "2483"]
[BlackElo "2275"]
[TimeControl "180+1"]
[EndTime "10:39:09 PDT"]
[Termination "Djager97 won on time"]

1. e4 e5 2. Nf3 Nc6 3. d4 exd4 4. Nxd4 Nf6 5. Nxc6 bxc6 6. e5 Nd5 7. c4 Nb6 8.
Bd3 d5 9. exd6 cxd6 10. O-O Be7 11. Qc2 h6 12. Nc3 O-O 13. Bf4 Be6 14. b3 d5 15.
cxd5 cxd5 16. Nb5 Rc8 17. Qb2 Qd7 18. Rad1 Bf5 19. Bxf5 Qxf5 20. Qe5 Qxe5 21. Bxe5 Rc2 22. a4 a5 23. Bc7 Bc5 24. Bxb6 Bxb6 25. Rxd5 Re8 26. g3 Ree2 27. Rf5 g6 28. Rf3 Red2 29. h4 Kg7 30. Kg2 g5 31. hxg5 hxg5 32. g4 Kg6 33. Kg3 Bc5 34. Rf5 Bb6 35. Rf3 Bc5 36. Rf5 Rd3+ 37. Kg2 Rdd2 38. Nc7 Bxf2 39. R1xf2 Rxf2+ 40. Rxf2 Rxc7 41. Rf5 Rc3 42. Rb5 Rd3 43. Kf2 f6 44.
Ke2 Rg3 45. Rxa5 Rxb3 46. Rb5 Ra3 47. Rb4 Kf7 48. Kd2 Ke6 49. Kc2 Kd5 50. Kb2 Rg3 51. a5 Rg2+ 52. Kb3 Kc5 53. a6 1-0

[Event "*** Titled Tuesday Blitz"]
[Site "Chess.com"]
[Date "2021.03.16"]
[Round "4"]
[White "MrChampion_Coach"]
[Black "oskariot"]
[Result "1-0"]
[WhiteElo "2510"]
[BlackElo "2700"]
[TimeControl "180+1"]
[EndTime "10:39:10 PDT"]
[Termination "MrChampion_Coach won by checkmate"]

1. d4 Nf6 2. c4 c5 3. d5 b5 4. cxb5 a6 5. bxa6 g6 6. Nc3 Bxa6 7. e4 Bxf1 8. Kxf1 d6 9. g3 Bg7 10. Nf3 O-O 11. Kg2 Nbd7 12. Qe2 Qa5 13. h3 Rfb8 14. Rd1 Ne8 15. Bg5 Qa6 16. Qc2 Kf8 17. a4 Qc4 18. Nd2 Qb4 19. Rdb1 Nc7 20. Ra3 Ne5 21. Bf4 Qb7 22. a5 Qa6 23. Bxe5 Bxe5 24. b3 Kg8 25. Ra4 Qb7 26. Nc4 Bg7 27. Nb6 Ra6 28. b4 cxb4 29. Rbxb4 Qa7 30. Nb5 Nxb5 31. Rxb5 Qb7 32. Qc6 Bc3 33.
Qxc3 Ra7 34. Qc6 Qa6 35. Rab4 Kg7 36. Rc4 h5 37. Rcb4 h4 38. Qc3+ Kg8 39. gxh4 Rbb7 40.
h5 Rc7 41. Qg3 Kg7 42. hxg6 fxg6 43. e5 Rc5 44. exd6 Rxb5 45. Qc3+ Kg8 46. Rh4 Kf7 47.
d7 Rxd7 48. Rh7+ Ke8 49. Qh8# 1-0

[Event "*** Titled Tuesday Blitz"]
[Site "Chess.com"]
[Date "2021.03.16"]
[Round "4"]
[White "Sergey85Rodchenkov"]
[Black "Joker_Gumble"]
[Result "1/2-1/2"]
[WhiteElo "2526"]
[BlackElo "2334"]
[TimeControl "180+1"]
[EndTime "10:39:10 PDT"]
[Termination "Game drawn by repetition"]

1. e4 c5 2. Nf3 Nc6 3. d4 cxd4 4. Nxd4 Nf6 5. Nc3 g6 6. Nxc6 bxc6 7. e5 Ng8 8. f4 Bg7 9. Bc4 Nh6 10. O-O O-O 11. Kh1 d6 12. exd6 exd6 13. Be3 d5 14. Bb3 d4 15. Qe2 dxc3 16. bxc3 a5 17. Rad1 Qe7 18.
Qd2 Bg4 19. Rde1 a4 20. Bc4 Rad8 21. Qf2 Bxc3 22. Rb1 Be6 23. Bc5 Qf6 24. Bxe6 fxe6 25. Bxf8 Rxf8 26. Qc5 Bd4 27. Qxc6 Ng4 28. Qf3 Qh4 29.
h3 Nf2+ 30. Kh2 Qxf4+ 31. Qxf4 Rxf4 32. g3 Rf7 33. Kg2 e5 34. Rb4 a3 35. Rxd4 exd4 36.
Rxf2 Rb7 37. Rf3 Rb2 38. Rxa3 Rxc2+ 39. Kf3 Kg7 40. Ke4 Rd2 41. g4 h5 42. g5 Kf7 43.
Ra7+ Ke6 44. Ra6+ Kf7 45. a4 h4 46. Rd6 Rh2 47. Rxd4 Rxh3 48. Kf4 Ra3 49. Kg4 h3 50. Rf4+ Kg7 51. Rf3 Rxa4+ 52. Kxh3 Rb4 53. Kg3 Ra4 54. Re3 Rb4 55. Rf3 Rc4 56. Rf4 Rc5 57. Kg4 Rc1 58. Ra4 Rg1+ 59. Kf4 Rf1+ 60. Kg4 Rg1+ 61. Kf4 Rf1+ 62. Kg4 Rg1+ 1/2-1/2

[Event "*** Titled Tuesday Blitz"]
[Site "Chess.com"]
[Date "2021.03.16"]
[Round "4"]
[White "aljado"]
[Black "Andreikka"]
[Result "1/2-1/2"]
[WhiteElo "2136"]
[BlackElo "2876"]
[TimeControl "180+1"]
[EndTime "10:39:10 PDT"]
[Termination "Game drawn - timeout vs insufficient material"]

1. e4 e5 2. Nf3 Nc6 3. Bb5 d6 4. O-O Bd7 5. c3 Nge7 6. d4 Ng6 7. Be3 Be7 8. Nbd2 O-O 9. d5 Nb8 10. Bxd7 Nxd7 11. c4 a5 12. Rb1 h6 13. b4 axb4 14.
Rxb4 b6 15. a4 Kh8 16. Rb5 Qc8 17. a5 bxa5 18. Qa4 Nf4 19. Bxf4 exf4 20. Rxa5 Nc5 21. Qa2 Rxa5 22. Qxa5 Bf6 23. h3 Re8 24. Re1 Qb7 25. Rb1 Qc8 26. Re1 g5 27. Kh2 Bg7 28. Ng1 Nd3 29. Re2 Bd4 30. Ngf3 Bg7 31. Ne1 Nc5 32.
f3 h5 33. Qb5 f5 34. Nc2 g4 35.
Nb4 g3+ 36. Kg1 fxe4 37. Nxe4 Bd4+ 38. Kf1 Nxe4 39. Rxe4 Rxe4 40. fxe4 f3 41. Nc6 Bb6 42. Qb2+ Kh7 43. Qf6 Qe8 44. Qxf3 Bf2 45. Qf5+ Kg7 46. Qg5+ Kh7 47. Ne7 Qf7 48. Nf5 Qg6 49. Qe7+ Kg8 50. Qd8+ Kf7 51. Qxc7+ Kf8 52. Qxd6+ Kf7 53. Qxg6+ Kxg6 54.
Ke2 Kf6 55. Kf3 Ke5 56. Nxg3 Bc5 57. Nxh5 Be7 58. g4 Bh4 59. Ng3 Bg5 60. Nf5 Bc1 61.
h4 Kf6 62. g5+ Ke5 63. g6 Kf6 1/2-1/2

[Event "*** Titled Tuesday Blitz"]
[Site "Chess.com"]
[Date "2021.03.16"]
[Round "4"]
[White "Alexander_Moskalenko"]
[Black "MITerryble"]
[Result "1/2-1/2"]
[WhiteElo "2766"]
[BlackElo "2907"]
[TimeControl "180+1"]
[EndTime "10:39:12 PDT"]
[Termination "Game drawn by repetition"]

1. d4 e6 2. Nf3 Nf6 3. c4 Bb4+ 4. Nbd2 a5 5. g3 b6 6. Bg2 Bb7 7. O-O O-O 8. Qc2 Bxd2 9. Bxd2 Be4 10. Qb3 d6 11.
Rac1 Nbd7 12. Rfd1 h6 13. Bf1 Qe7 14. Be1 e5 15. dxe5 dxe5 16. Nd2 Bb7 17. Nb1 Ne4 18. Nc3 Ndc5 19. Qa3 Nxc3 20. Rxc3 Qe6 21. f3 Rfd8 22. Rxd8+ Rxd8 23. Rc1 e4 24. Bf2 exf3 25. exf3 Rd2 26. Bxc5 bxc5 27. Qc3 Qd6 28. Re1 Qd4+ 29. Qxd4 cxd4 30.
Re2 Rxe2 31. Bxe2 c5 32. Kf2 Kf8 33. h4 Ke7 34. Bd3 Kd6 35. Ke2 g5 36. hxg5 hxg5 37. Kf2 f6 38. Ke2 Ke5 39. Kf2 f5 40. Ke2 f4 41. g4 Kd6 42. a4 Bc6 43. b3 Bd7 44. Be4 Ke5 45. Kd3 Be6 46. Bh7 Bd7 47. Be4 Be8 48. Kd2 Bf7 49. Kd3 Be6 50. Bh7 Bc8 51.
Be4 Bd7 52. Bh7 Be8 53. Be4 Bf7 54. Kd2 Be6 55. Kd3 Bc8 56. Bd5 Bd7 57. Be4 1/2-1/2

[Event "*** Titled Tuesday Blitz"]
[Site "Chess.com"]
[Date "2021.03.16"]
[Round "4"]
[White "DenLaz"]
[Black "Gloomy_Wanderer"]
[Result "1-0"]
[WhiteElo "2849"]
[BlackElo "2687"]
[TimeControl "180+1"]
[EndTime "10:39:13 PDT"]
[Termination "DenLaz won on time"]

1. d4 Nf6 2. c4 e6 3. Nf3 d5 4.
Nc3 Bb4 5. Bg5 h6 6. Bxf6 Qxf6 7. e3 O-O 8. Qb3 c5 9. cxd5 exd5 10. dxc5 Nc6 11.
O-O-O Bxc3 12. Qxc3 Qxc3+ 13. bxc3 Be6 14. Nd4 Rfc8 15.
Kd2 Na5 16. Nb3 Nxb3+ 17. axb3 Rxc5 18. b4 Rc7 19. Ra1 Rac8 20. Ra3 a6 21. Be2 Kf8 22. h4 Ke7 23. Bf3 Kf6 24. Rc1 g5 25. g3 Ke5 26.
Ra5 Kd6 27. Ra3 Rc4 28. hxg5 hxg5 29. Rh1 Ke7 30. Rh5 Rg8 31. Ra5 Rc7 32. Rh7 Rgc8 33. Ra3 Kf6 34. Be2 Bf5 35. Rh6+ Ke7 36. Rb6 Rd8 37.
b5 axb5 38. Rxb5 Kd6 39. Rab3 Ra8 40. Rb6+ Kd7 41. Rxb7 Ra2+ 42. Rb2 Rxb7 43. Rxa2 Bb1 44. Ra5 Be4 45. Bb5+ Kd6 46. f4 gxf4 47. exf4 Rb6 48. Ra6 Rxa6 49. Bxa6 Kc5 50. Ke3 Bf5 51. Be2 Bd7 52.
g4 Be6 53. g5 Bd7 54. Bd3 1-0

[Event "*** Titled Tuesday Blitz"]
[Site "Chess.com"]
[Date "2021.03.16"]
[Round "4"]
[White "DonPreuss"]
[Black "GelmanAlexander"]
[Result "1/2-1/2"]
[WhiteElo "2299"]
[BlackElo "2568"]
[TimeControl "180+1"]
[EndTime "10:39:14 PDT"]
[Termination "Game drawn - insufficient material"]

1. d4 Nf6 2. Nc3 d5 3. e4 Nxe4 4. Nxe4 dxe4 5. Bc4 e5 6. Qh5 Qe7 7. Qxe5 Qxe5 8. dxe5 Nc6 9. Bf4 Bc5 10. Ne2 O-O 11. Ng3 e3 12. fxe3 h6 13. h4 Bg4 14. Ne4 Bb6 15. O-O Rae8 16. Nf2 Bf5 17. Nd3 Bxd3 18.
cxd3 Nxe5 19. Bxe5 Rxe5 20. d4 Rxe3 21. Rad1 Re4 22. Kh2 Rxh4+ 23. Kg3 Rxd4 24. Bb3 Rxd1 25. Rxd1 Bc5 26. Rd7 Bd6+ 27. Kf3 g6 28. g4 Kg7 29.
Bc4 a6 30. Bd5 b6 31. a4 a5 32. b3 Kf6 33. Bc4 h5 34. gxh5 gxh5 35. Kg2 Kg6 36. Bd3+ Kg5 37. Bc4 Kf6 38. Kh3 Kg6 39. Bd3+ Kg5 40.
Bc4 f5 41. Rg7+ Kh6 42. Rg1 f4 43. Bd3 f3 44. Rg6+ Kh7 45. Rxd6+ Kg7 46. Rd7+ Kf6 47. Rxc7 Ke5 48. Bf1 Kd4 49. Rh7 Kc3 50. Rxh5 Kxb3 51. Rb5+ Kxa4 52. Rxb6 Ka3 53. Kg3 a4 54. Bc4 Rc8 55.
Bd5 Rc3 56. Bxf3 Ka2 57. Kf4 a3 58. Bd5+ Ka1 59. Ke4 a2 60. Ra6 Rc2 61. Rxa2+ Rxa2 62. Bxa2 1/2-1/2

[Event "*** Titled Tuesday Blitz"]
[Site "Chess.com"]
[Date "2021.03.16"]
[Round "4"]
[White "PavelChernomordik"]
[Black "blitzking1729"]
[Result "0-1"]
[WhiteElo "2397"]
[BlackElo "2626"]
[TimeControl "180+1"]
[EndTime "10:39:16 PDT"]
[Termination "blitzking1729 won on time"]

1. e4 e5 2. Nf3 Nc6 3. Bb5 Nf6 4. Qe2 d6 5. c3 a6 6. Ba4 Bg4 7. h3 Bh5 8. g4 Bg6 9. d3 h5 10. g5 Nd7 11. Nh4 Be7 12. Nxg6 fxg6 13. h4 O-O 14. Be3 Kh7 15. Nd2 b5 16. Bb3 Na5 17.
Be6 Qe8 18. O-O-O Bd8 19. Bh3 c5 20. Rdf1 Rf4 21. Bxf4 exf4 22. Bxd7 Qxd7 23. e5 Qe6 24. Kb1 dxe5 25. Re1 Nc6 26. Ne4 Be7 27. Qf3 Rd8 28. Re2 c4 29. Rd1 b4 30. dxc4 Rxd1+ 31. Kc2 Rd8 32. Nd2 bxc3 33. bxc3 Qf5+ 34. Ne4 Na5 35.
Rd2 Nxc4 36. Rxd8 Bxd8 37. Qd3 Na3+ 38. Kb3 Nb5 39. f3 Qf7+ 40. Kb2 Be7 41. a4 Nc7 42. c4 Ne6 43. Qd5 Bd8 44. Nd6 Qe7 45. Qxe5 Nxg5 46.
Qxf4 Ne6 47. Qe5 Qf6 48. Qxf6 Bxf6+ 49. Kb3 Bxh4 50. Ne4 Be7 0-1

[Event "*** Titled Tuesday Blitz"]
[Site "Chess.com"]
[Date "2021.03.16"]
[Round "4"]
[White "Pantata007"]
[Black "Shuvalov"]
[Result "1-0"]
[WhiteElo "2347"]
[BlackElo "2478"]
[TimeControl "180+1"]
[EndTime "10:39:17 PDT"]
[Termination "Pantata007 won by checkmate"]

1. d4 Nf6 2. c4 g6 3. Nc3 d5 4.
cxd5 Nxd5 5. e4 Nxc3 6. bxc3 Bg7 7.
Nf3 c5 8. Be3 Qa5 9. Qd2 O-O 10.
Rc1 cxd4 11. cxd4 Qxd2+ 12. Kxd2 Nc6 13. Bd3 Bg4 14. d5 Bxf3 15. gxf3 Ne5 16. Be2 f5 17. Rc7 fxe4 18. fxe4 Rac8 19. Rxe7 Nc4+ 20. Bxc4 Rxc4 21. Rc1 Rfc8 22. Rxc4 Rxc4 23. Kd3 Rc3+ 24. Kd2 Ra3 25. Rxb7 Rxa2+ 26. Kd3 Ra3+ 27. Kc4 Ra4+ 28. Rb4 Ra2 29. d6 Bf6 30. Rb8+ Kf7 31. d7 Ra4+ 32. Kd3 Ra1 33. d8=Q Bxd8 34. Rxd8 Rd1+ 35. Bd2 Rh1 36. Rd7+ Ke6 37.
Rxh7 a6 38. Bf4 a5 39. Ra7 Ra1 40. Bd2 a4 41. f4 Ra3+ 42. Bc3 Ra2 43. Ra6+ Kf7 44.
f5 gxf5 45. exf5 Rf2 46. f6 Rxh2 47. Ra7+ Kg6 48. Rg7+ Kh6 49. f7 Rh3+ 50. Ke4 Rxc3 51. f8=Q Rc4+ 52. Kd3 Rc8 53. Qf6+ Kh5 54. Qg5# 1-0

[Event "*** Titled Tuesday Blitz"]
[Site "Chess.com"]
[Date "2021.03.16"]
[Round "4"]
[White "MasterKroket"]
[Black "Kotofeyca"]
[Result "1-0"]
[WhiteElo "2502"]
[BlackElo "2350"]
[TimeControl "180+1"]
[EndTime "10:39:18 PDT"]
[Termination "MasterKroket won by resignation"]

1. d4 d5 2. c4 c6 3. Nf3 Nf6 4. Nc3 dxc4 5. a4 Bg4 6. Ne5 Bh5 7. g3 e6 8. Bg2 Bb4 9. O-O Nd5 10. Qc2 a5 11.
Nxc4 Nb6 12. Nxb6 Qxb6 13. Be3 Qa6 14. Be4 Bg6 15. Rac1 Nd7 16. Rfd1 Nf6 17. Bd3 Bxd3 18. Qxd3 Qxd3 19. Rxd3 Nd5 20. Bd2 Be7 21. Nxd5 exd5 22.
Rb3 Ra7 23. f3 f5 24. e4 fxe4 25. fxe4 dxe4 26. Re1 Kd7 27. Rxe4 Bf6 28. Kf2 Re8 29. Rxe8 Kxe8 30. Ke3 Kd7 31. Ke4 Ke6 32. Rf3 b5 33. axb5 cxb5 34. Rf5 Bxd4 35. Rxb5 Bg1 36. h3 a4 37. Bc3 g6 38. Bb4 Rc7 39. Re5+ Kf6 40.
Bc3 Rc4+ 41. Kd5 Rc5+ 42. Ke4 Rxe5+ 43. Bxe5+ Ke6 44. Bd4 Bh2 45. Kf3 Kd5 46. Ba7 h5 47. Kg2 Bxg3 48. Kxg3 g5 49. Be3 g4 50. h4 Ke4 51.
Bc5 Kd3 52. Bf8 Kc2 53. Bg7 Kb3 54. Kf4 Kc2 55. Be5 Kb3 56. Kg5 g3 57. Bxg3 Kxb2 58.
Kxh5 a3 59. Kg6 Kb1 60. Be5 a2 61. h5 Kc2 62. h6 Kd3 63. h7 a1=Q 64. Bxa1 1-0

[Event "*** Titled Tuesday Blitz"]
[Site "Chess.com"]
[Date "2021.03.16"]
[Round "4"]
[White "MaevskiyNikolay"]
[Black "eightbyeightchess"]
[Result "1-0"]
[WhiteElo "2546"]
[BlackElo "2372"]
[TimeControl "180+1"]
[EndTime "10:39:19 PDT"]
[Termination "MaevskiyNikolay won by checkmate"]

1. d4 d5 2. c4 c6 3. Nf3 Nf6 4. e3 a6 5. b3 Bg4 6. Nbd2 e6 7. Bd3 Bd6 8. Bb2 O-O 9. Qc2 Nbd7 10. h3 Bh5 11. Ne5 c5 12. Nxd7 Qxd7 13. dxc5 Bxc5 14.
Bxf6 gxf6 15. Bxh7+ Kg7 16. cxd5 Bb4 17. Be4 Rac8 18.
Qd3 exd5 19. Bf5 Rc3 20. Qxc3 Bxc3 21. Bxd7 Bxa1 22. O-O Bc3 23. Nb1 Bb4 24. a3 Be7 25. Rc1 Rd8 26. Rc7 Bg6 27. Nc3 Bxa3 28. Rxb7 Bb2 29.
Ne2 a5 30. f3 Bc2 31. Be6 Bg6 32. Bd7 Kh6 33. Kf2 Ra8 34. Nf4 Ra6 35. Nxd5 Rd6 36. e4 Bd4+ 37. Ke2 f5 38. Kd3 Bg1 39. Kc4 fxe4 40. Nf4 e3 41. Bg4 Rf6 42. Ne2 Rd6 43.
Nxg1 Bd3+ 44. Kc3 e2 45. Nxe2 Bxe2 46. Rxf7 Rd3+ 47. Kc2 Rd6 48. Rf4 Bf1 49. Bf5 Kg5 50. g3 Rf6 51. h4+ Kh6 52. g4 Rc6+ 53. Kb2 Bg2 54.
Be4 Rd6 55. Kc3 Kg7 56. h5 Rd1 57. g5 Rh1 58. h6+ Kh8 59. Rf8# 1-0

[Event "*** Titled Tuesday Blitz"]
[Site "Chess.com"]
[Date "2021.03.16"]
[Round "4"]
[White "ValeriyGrinev"]
[Black "Gabrielian_Artur"]
[Result "1-0"]
[WhiteElo "2563"]
[BlackElo "2782"]
[TimeControl "180+1"]
[EndTime "10:39:23 PDT"]
[Termination "ValeriyGrinev won by resignation"]

1. d4 Nf6 2. c4 c5 3. d5 e6 4. Nc3 exd5 5. cxd5 d6 6. e4 g6 7. Nf3 Bg7 8. h3 O-O 9. Bd3 Re8 10. O-O Nbd7 11. Re1 Ne5 12. Nxe5 Rxe5 13. Bf4 Nh5 14. Bh2 Qh4 15. Qf3 Bd7 16. Nb5 Rg5 17. Kh1 Bxb5 18. Bxb5 Be5 19. Bf1 Bxh2 20. Kxh2 Re5 21. g3 Qe7 22. Re3 Re8 23. Rae1 a6 24. Bg2 b5 25. Qd1 Qf6 26. f4 Nxf4 27. gxf4 Qxf4+ 28. Kh1 f5 29. Qf3 Qg5 30. R3e2 Rf8 31. exf5 Rfxf5 32. Rxe5 Rxe5 33. Rd1 c4 34. Qg4 Qe7 35. Rf1 Kg7 36. Qf4 h5 37. a4 g5 38. Qd4 Kh6 39. axb5 axb5 40. Qf2 Kg7 41. b3 c3 42. Qd4 c2 43. Qc3 g4 44.
Qxc2 gxh3 45. Bf3 Rg5 46. Qc3+ Kg8 47. Qc8+ Kg7 48. Qc3+ Kh7 49. Re1 Qf7 50. Be4+ Kg8 51. Qc8+ Kg7 52. Qc3+ Kg8 53. Qe3 Qf6 54. Rg1 Rxg1+ 55.
Qxg1+ Kf8 56. Qe3 Qf1+ 57. Kh2 b4 58. Qf3+ Qxf3 59. Bxf3 Kg7 60. Kxh3 Kf6 61. Be2 Ke5 62. Bc4 1-0

[Event "*** Titled Tuesday Blitz"]
[Site "Chess.com"]
[Date "2021.03.16"]
[Round "4"]
[White "Tekushka"]
[Black "VladaSviridova"]
[Result "0-1"]
[WhiteElo "2405"]
[BlackElo "2231"]
[TimeControl "180+1"]
[EndTime "10:39:23 PDT"]
[Termination "VladaSviridova won on time"]

1. e4 e6 2. d4 d5 3. Nc3 Bb4 4. e5 c5 5. a3 Bxc3+ 6. bxc3 Ne7 7. Qg4 O-O 8. Bd3 Nbc6 9. Bg5 Qa5 10. Ne2 Ng6 11.
O-O Qa4 12. f4 c4 13. Bxg6 fxg6 14. Ra2 Bd7 15. h4 b5 16. Rfa1 Rf7 17. h5 gxh5 18. Qxh5 Raf8 19. Qg4 Ne7 20. Bxe7 Rxe7 21. Ng3 Qa5 22.
Qf3 Ref7 23. Nh5 Be8 24. Qg4 Kh8 25. Qg3 Rg8 26. Qh3 Rf5 27. g4 Rff8 28. Rf1 Bxh5 29. gxh5 h6 30. Rf3 Rf5 31. Qg4 Qd8 32. Ra1 Qe8 33.
Rh3 Qf7 34. Rf1 Rf8 35. Rh4 Rg5 36. Kg2 Rxg4+ 37. Rxg4 Qxh5 38. Kg3 Qf5 39. Rf2 Qe4 40. f5 Qe3+ 41. Rf3 Qe1+ 42. Kg2 exf5 43. Rg6 Qe2+ 44.
Rf2 Qe4+ 45. Kg1 f4 46. Rg4 Qe1+ 47. Rf1 Qe3+ 48. Kh1 f3 49. Rg3 Qe2 50. Kg1 f2+ 51. Kg2 Rf4 52. Rg6 Qe4+ 53. Kh2 Qxg6 0-1

[Event "*** Titled Tuesday Blitz"]
[Site "Chess.com"]
[Date "2021.03.16"]
[Round "4"]
[White "GMaka"]
[Black "elohunter1999"]
[Result "1-0"]
[WhiteElo "2467"]
[BlackElo "2611"]
[TimeControl "180+1"]
[EndTime "10:39:25 PDT"]
[Termination "GMaka won on time"]

1. c4 c5 2. Nc3 g6 3. g3 Bg7 4.
Bg2 Nc6 5. e3 e6 6. Nge2 Nge7 7.
O-O O-O 8. d4 cxd4 9. exd4 d5 10.
b3 dxc4 11. Be3 cxb3 12. axb3 b6 13. Rc1 Bb7 14. d5 exd5 15. Nxd5 Nxd5 16. Qxd5 Qxd5 17. Bxd5 Na5 18. Bxb7 Nxb7 19. Rc7 Nd6 20. Rd1 Nb5 21. Rcd7 Bf6 22. R1d5 Nc3 23. Nxc3 Bxc3 24. Rc7 Rfc8 25. Rdd7 Rxc7 26. Rxc7 Bg7 27. Kg2 Kf8 28. Kf3 Ke8 29. h4 Be5 30. Rb7 h5 31. Ke4 Bd6 32. f4 Kf8 33.
Kf3 f5 34. Bd4 Be7 35. Be5 Ke8 36. Ke2 Kd8 37. Kd3 Ke8 38. Ke2 Bc5 39. Rh7 a5 40. Rg7 b5 41. Rg8+ Bf8 42. Rxg6 a4 43. bxa4 bxa4 44.
Rg5 a3 45. Rxf5 Ra5 46. Rf6 Bb4 47. Rb6 Bc5 48. Rb7 Bg1 49. g4 Kd8 50. gxh5 Kc8 51.
Rb1 a2 52. Rc1+ 1-0

[Event "*** Titled Tuesday Blitz"]
[Site "Chess.com"]
[Date "2021.03.16"]
[Round "4"]
[White "Cptn2"]
[Black "Nemsko"]
[Result "1-0"]
[WhiteElo "2494"]
[BlackElo "2313"]
[TimeControl "180+1"]
[EndTime "10:39:25 PDT"]
[Termination "Cptn2 won on time"]

1. e4 e5 2. Nf3 Nc6 3. d4 exd4 4.
Nxd4 Nf6 5. Nc3 Bb4 6. Be3 O-O 7. f3 Re8 8. Qd2 d6 9. O-O-O Ne5 10. Be2 a5 11. a3 Bc5 12. h3 Ng6 13. Bc4 c6 14.
Nf5 Bxf5 15. Bxc5 dxc5 16. exf5 Ne5 17. Ba2 b5 18. f4 Ned7 19. g4 b4 20. Nb1 Nb6 21.
Qf2 Qe7 22. g5 Ne4 23. Qg2 Qc7 24. Rhf1 c4 25. Rde1 Nc5 26. Qf3 Rad8 27. f6 b3 28. Rxe8+ Rxe8 29. cxb3 Nd3+ 30. Kc2 Ne1+ 31. Rxe1 Rxe1 32.
bxc4 Qd7 33. Nd2 Qf5+ 34. Qd3 Qxd3+ 35. Kxd3 gxf6 36. gxf6 Rh1 37. Kd4 Rxh3 38. Kc5 Nd7+ 39. Kxc6 Nxf6 40. c5 Rd3 41. Nc4 a4 42. Ne5 Rd2 43.
Bxf7+ Kg7 44. Bc4 Ne4 45. Bb5 Rc2 46. Nd7 Rxb2 47. Bxa4 h5 48. Kd5 Nc3+ 49. Kc4 Nxa4 50. c6 Nb6+ 51. Kc3 Rb1 52. Kc2 Rb5 53. a4 Rb4 54. a5 1-0